 Dungeon Sprint DCSS version 0.31-a0-408-gb642c7f9a3 (webtiles) character file.

Game seed: 1633468459499489407

2307 rocky1 the Brawler (level 9, -5/75 (94) HPs)
             Began as an Octopode Shapeshifter on July 30, 2023.
             Was an Initiate of Gozag.
             Slain by an eidolon (24 damage)
             ... in the Dungeon (Sprint VII: "The Pits").
             The game lasted 00:05:56 (2474 turns).

rocky1 the Brawler (Octopode Shapeshifter)          Turns: 2474, Time: 00:05:56

HP:   -5/75 (94)    AC:  1    Str: 17 (18) XL:     9   Next: 41%
MP:   9/9           EV: 18    Int: 12      God:    Gozag
Gold: 2034          SH:  0    Dex: 14      Spells: 8/8 levels left

rFire   . .          .
                       - Unarmed
rCold   . . .        (no shield)
rNeg    . . .        (helmet currently unavailable)
rPois   .            (no amulet)
rElec   .            n - +3 ring of evasion
rCorr   .            l - +3 ring of strength
SInv    .            (no ring)
Will    .....        (no ring) Stlth
                     (no ring)
HPRegen 0.32/turn    (no ring)
MPRegen 0.11/turn    (no ring)
                     (no ring)

%: no teleportation
@: berserking, beast-form, afraid, slowed, heavily drained
A: beast (slay +6), almost no armour, amphibious, 8 rings, camouflage 1,
gelatinous body 1, (nimble swimmer 1), tentacles
a: Begin Untransformation, Renounce Religion, Potion Petition, Call Merchant,
Bribe Branch


You were in the Dungeon.
You worshipped Gozag.
Gozag was most pleased with you.
You were a hulking beast.
You visited 1 branch You collected 2034 gold pieces.

Inventory:

Jewellery
 l - a +3 ring of strength (right tentacle)
 n - a +3 ring of evasion (left tentacle)
Talismans
 b - a beast talisman
Scrolls
 h - a scroll of blinking
 j - 5 scrolls of amnesia
 k - a scroll of butterflies
Potions
 c - 5 potions of curing
 e - 2 potions of haste
 f - 4 potions of magic
 g - 2 potions of berserk rage
 i - 2 potions of invisibility
 m - 3 potions of might
 o - a potion of brilliance


   Skills:
 * Level 6.7 Fighting
 + Level 5.4 Dodging
 + Level 9.0 Stealth
 * Level 15.6 Unarmed Combat
 + Level 8.6 Shapeshifting


You had 8 spell levels left.
You didn't know any spells.
Your spell library was empty.

Dungeon Overview and Level Annotations

Branches:
Dungeon (1/1)

Altars:
Ashenzari
Cheibriados
Dithmenos
Elyvilon
Fedhas
Gozag
Hepliaklqana
Kikubaaqudgha
Makhleb
Nemelex Xobeh
Okawaru
Qazlal
Ru
Sif Muna
Trog
Uskayaw
Vehumet
Wu Jian
Xom
Yredelemnul
Zin
The Shining One
Jiyva
Lugonu


Innate Abilities, Weirdness & Mutations

You are a hulking beast.
Your limbs bulge with bestial killing power. (Slay +6)
You cannot wear most types of armour.
You are amphibious.
You can wear up to eight rings at the same time.
Your skin changes colour to match your surroundings (Stealth+).
Your rubbery body absorbs attacks. (AC +1, EV +1)
((You are camouflaged when in or above water. (Stealth+)))
You have tentacles for arms and can constrict up to eight enemies at once.


Message History

The eidolon is severely damaged.
The eidolon hits you but does no damage. x2
You hear some strange, mumbled words.
A magic dart appears from out of thin air!
The magic dart hits you but does no damage.
You cannot move.
You cannot move.
You cannot move.
You pummel the eidolon!!
The eidolon is almost destroyed.
Your fear fades away.
The eidolon stares piercingly at you. The bolt of negative energy hits you!!
You feel drained.
* * * LOW HITPOINT WARNING * * *
Something hits you.
* * * LOW HITPOINT WARNING * * *
You feel much better.
The eidolon hits you but does no damage. x2
Something hits you but does no damage. x2
The eidolon stares piercingly at you. The bolt of negative energy hits you!!
You feel drained.
* * * LOW HITPOINT WARNING * * *
You feel much better. The eidolon hits you.
* * * LOW HITPOINT WARNING * * *
The eidolon hits you but does no damage.
You hear some strange, mumbled words.
A puff of flame appears from out of thin air!
The puff of flame hits you but does no damage.
A red film seems to cover your vision as you go berserk!
You feel yourself moving faster!
You feel mighty!
You feel less wooden.
You turn into a hulking beast.
The eidolon gestures.
The eidolon radiates an aura of fear!
You are terrified of the eidolon!
Something hits you.
* * * LOW HITPOINT WARNING * * *
The eidolon hits you!!
You die...
Your body crumbles into a pile of gold.

'..#####'#####''######
#'###.......##''#
...##.......##..##
...##.......##...##
#####...<...###...##'##.
)[.##.......# ##........
)[.##.......###..###'###
#####.......##..##.....#
#).###########..h{o.....'
#)############.W##.....#
#)#....#..[[###o. #'###
#'#....#..[[# ##.. ..
#.'....'..))# ..# .
#'#....#..))# .##
'.#....#..))# ##
#############


You could see an eidolon (scary), an orc knight and an orc.

Vanquished Creatures
  A black mamba (D)
  A komodo dragon (D)
  A polar bear (D)
  A spriggan (D)
  2 vampire mosquitoes (D)
  2 wargs (D)
  An orc warrior (D)
  An ogre (D)
  A black bear (D)
  A wolf (D)
  A phantom (D)
  A gnoll sergeant (D)
  A necrophage (D)
  2 scorpions (D)
  3 wights (D)
  A mummy (D)
  3 adders (D)
  6 gnolls (D)
  2 orcs (D)
  An endoplasm (D)
  A giant cockroach (D)
  2 goblins (D)
  A quokka (D)
  A ball python skeleton (D)
  A ball python zombie (D)
  A bat (D)
  A jackal skeleton (D)
41 creatures vanquished.

Notes
Turn   | Place    | Note
-------+----------+-------------------------------------------
     0 | D        | rocky1 the Octopode Shapeshifter began the quest for the
                  | Orb.
     0 | D        | Reached XP level 1. HP: 13/13 MP: 1/1
    15 | D        | Reached skill level 4 in Unarmed Combat
    15 | D        | Reached XP level 2. HP: 18/18 MP: 2/2
    19 | D        | Found a bloodstained altar of Trog.
    19 | D        | Found a shimmering blue altar of Sif Muna.
    19 | D        | Found a viscous altar of Jiyva.
    19 | D        | Found a hazy altar of Hepliaklqana.
    19 | D        | Found an opulent altar of Gozag.
    20 | D        | Found a glowing golden altar of the Shining One.
    20 | D        | Found a glowing silver altar of Zin.
    20 | D        | Found a basalt altar of Yredelemnul.
    20 | D        | Found a shimmering altar of Xom.
    20 | D        | Found an ornate altar of the Wu Jian Council.
    20 | D        | Found a sacrificial altar of Ru.
    20 | D        | Found a stormy altar of Qazlal.
    20 | D        | Found an iron altar of Okawaru.
    20 | D        | Found a sparkling altar of Nemelex Xobeh.
    20 | D        | Found a burning altar of Makhleb.
    20 | D        | Found a blossoming altar of Fedhas.
    20 | D        | Found a white marble altar of Elyvilon.
    20 | D        | Found a shadowy altar of Dithmenos.
    20 | D        | Found a snail-covered altar of Cheibriados.
    23 | D        | Found a corrupted altar of Lugonu.
    23 | D        | Found a radiant altar of Vehumet.
    24 | D        | Found an ancient bone altar of Kikubaaqudgha.
    24 | D        | Found a hide-covered altar of Uskayaw.
    24 | D        | Found a broken altar of Ashenzari.
    31 | D        | Became a worshipper of Gozag Ym Sagoz the Greedy
   210 | D        | Reached skill level 5 in Unarmed Combat
   210 | D        | Reached XP level 3. HP: 23/23 MP: 3/3
   581 | D        | Noticed a necrophage
   582 | D        | Noticed a scorpion
   586 | D        | Killed a necrophage
   587 | D        | Reached skill level 1 in Stealth
   587 | D        | Reached skill level 6 in Unarmed Combat
   587 | D        | Reached skill level 5 in Shapeshifting
   587 | D        | Reached XP level 4. HP: 28/28 MP: 4/4
   594 | D        | Killed a scorpion
   595 | D        | Reached skill level 7 in Unarmed Combat
   595 | D        | Reached XP level 5. HP: 32/33 MP: 5/5
   838 | D        | Noticed a phantom
   839 | D        | Noticed a wolf
   851 | D        | Killed a phantom
   852 | D        | Reached skill level 9 in Unarmed Combat
   852 | D        | Reached XP level 6. HP: 18/39 MP: 6/6
  1126 | D        | Reached skill level 10 in Unarmed Combat
  1133 | D        | Reached XP level 7. HP: 27/46 MP: 7/7
  1460 | D        | Reached skill level 5 in Stealth
  1460 | D        | Reached skill level 11 in Unarmed Combat
  1609 | D        | Reached skill level 12 in Unarmed Combat
  1793 | D        | Noticed a polar bear
  1793 | D        | Noticed a komodo dragon
  1808 | D        | Killed a polar bear
  1809 | D        | Reached skill level 5 in Fighting
  1809 | D        | Reached XP level 8. HP: 48/55 MP: 8/8
  1813 | D        | Killed a komodo dragon
  1814 | D        | Reached skill level 13 in Unarmed Combat
  1964 | D        | Noticed a black mamba
  1964 | D        | Noticed a polar bear
  1968 | D        | Killed a black mamba
  1969 | D        | Reached skill level 14 in Unarmed Combat
  1969 | D        | Noticed a spriggan
  1980 | D        | Killed a spriggan
  1981 | D        | Reached skill level 5 in Dodging
  2012 | D        | Reached XP level 9. HP: 35/62 MP: 9/9
  2433 | D        | Noticed an eidolon
  2436 | D        | Noticed an orc knight
  2437 | D        | Reached skill level 15 in Unarmed Combat
  2472 | D        | HP: 3/75 [eidolon/bolt of negative energy (22)]
  2474 | D        | Slain by an eidolon

Illustrated notes

Levels and vault maps discovered:
D:        pitsprint [storerooms_1, entrance_room_1, metal_vault_5, armoury_1,
          mini_pit_1, grid_room_1, main_hall_1, silver_pit, the_coven_1,
          the_vestibule_1, steel_vault_4, golden_pit, hallway_of_sentries,
          crystal_vault_2, iron_vault_2, final_vault]

Skill      XL: |  1  2  3  4  5  6  7  8  9 |
---------------+----------------------------+-----
Unarmed Combat | 4 5 6 7 9 10 12 14 15 | 15.6
Shapeshifting  | 4 5 6 7 8 |  8.6
Stealth        | 1 2 3 4 6 8 9 |  9.0
Dodging        | 3 4 5 |  5.4
Fighting       | 3 5 6 |  6.7

Action                     |  1- 3 |  4- 6 |  7- 9 || total
---------------------------+-------+-------+-------++-------
  Melee: Unarmed           |    12 |    31 |    74 ||   117
         Constrict         |     7 |     6 |     7 ||    20
         Tentacles         |     5 |     8 |     9 ||    22
         Punch             |       |     2 |     2 ||     4
    Use: Potion            |       |     2 |    12 ||    14
   Stab: Sleeping          |     1 |     1 |     3 ||     5
         Distracted        |       |       |     1 ||     1
 Armour: Skin              |       |     5 |    57 ||    62
  Dodge: Dodged            |     5 |    13 |    27 ||    45

Table legend: (Time is in decaauts)
 A = Elapsed time spent in this place.
 B = Non-inter-level travel time spent in this place.
 C = Inter-level travel time spent in this place.
 D = Time resting spent in this place.
 E = Time spent auto-exploring this place.
 F = Levels seen in this place.
 G = Mean time per level.
                   A        B        C        D        E       F      G
               +--------+--------+--------+--------+--------+-----+--------+
         Total |   2455 |   2388 |     67 |   1925 |      0 |   1 | 2455.0 |
       Dungeon |   2455 |   2388 |     67 |   1925 |      0 |   1 | 2455.0 |
               +--------+--------+--------+--------+--------+-----+--------+

Top non-repeatable levels by time:
       D: 2455 daAuts
